 Dungeon Crawl Stone Soup version 0.26.0-16-gc1dbca0489 (webtiles) character file.

Game seed: 14629658470879131173

90 kaeus the Skirmisher (level 4, 0/36 HPs)
             Began as a Demonspawn Fighter on Jan 21, 2021.
             Slain by Natasha (6 damage)
             ... on level 2 of the Dungeon.
             The game lasted 00:02:30 (1266 turns).

kaeus the Skirmisher (Demonspawn Fighter)           Turns: 1266, Time: 00:02:31

Health: 0/36       AC:  9    Str: 17    XL:     4   Next: 32%
Magic:  4/4        EV:  4    Int:  9    God:
Gold:   71         SH:  9    Dex: 13    Spells: 3/3 levels left

rFire    . . .     SeeInvis .   a - +0 war axe
rCold    . . .     Faith    .   c - +0 kite shield
rNeg     . . .     Spirit   .   e - +0 chain mail
rPois    .         Reflect  .   (helmet restricted)
rElec    .         Harm     .   (no cloak)
rCorr    .         Rampage  .   (no gloves)
Will     .....                  (no boots)
Stlth    ..........             (no amulet)
HPRegen  0.12/turn              (no ring)
MPRegen  0.09/turn              (no ring)

@: mighty
A: antennae 1, powered by pain 1
a: no special abilities


You were on level 2 of the Dungeon.
You visited 1 branch of the dungeon, and saw 2 of its levels.

You collected 71 gold pieces.

Inventory:

Hand Weapons
 a - a +0 war axe (weapon)
Armour
 c - a +0 kite shield (worn)
 e - a +0 chain mail (worn)
Wands
 g - a wand of flame (16)
 j - a wand of random effects (6)
Scrolls
 b - 2 scrolls of identify {unknown}
 f - a scroll of teleportation {unknown}
 h - a scroll of magic mapping {unknown}
 i - 2 scrolls of remove curse {unknown}


   Skills:
 + Level 3.6 Fighting
 + Level 2.5 Axes
 + Level 3.3 Armour
 + Level 3.3 Shields


You had 3 spell levels left.
You didn't know any spells.
Your spell library was empty.

Dungeon Overview and Level Annotations

Branches:
Dungeon (2/15)

Altars:

Annotations:
D:2 Natasha


Innate Abilities, Weirdness & Mutations

You have a pair of small antennae on your head.
You sometimes gain a little power by taking damage.


Message History

You hit Natasha but do no damage.
Natasha is severely wounded.
You closely miss the iron imp. The iron imp puffs mist at you.
The iron imp hits you. Natasha casts a spell at you.
You resist with some effort.
Your shield prevents you from hitting Natasha.
Natasha is severely wounded.
You hit the iron imp. Natasha claws you.
* * * LOW HITPOINT WARNING * * *
The iron imp hits you.
* * * LOW HITPOINT WARNING * * *
Natasha howls an incantation.
You feel disoriented. Natasha claws you but does no damage.
You block the iron imp's attack.
You are too injured to fight recklessly!
You feel very mighty all of a sudden. Natasha claws you.
You die...

# . .? #. #.# #
####.###?##### .# #
#..........#... ..#
.#. ........... ..
...(.#.........#.#
...#.#..# #..@h.#
#.......# #.5.#.#
##...#.†####...#.##
.......#.†..........#
.<..............>#..#
.......#..#.........#
.....# #....#####.###
.#...# ##.#######.#
.....####..........


You could see an iron imp (summoned) and Natasha.

Vanquished Creatures
  Robin (D:2)
  A gnoll (D:1)
  An ooze (D:1)
  A worm (D:2)
  4 dart slugs
  2 leopard geckos
  3 bats (D:2)
  2 giant cockroaches
  14 goblins
  4 hobgoblins
  2 jackals (D:1)
  4 kobolds (D:1)
  A quokka (D:2)
  2 frilled lizards (D:1)
  6 rats
48 creatures vanquished.

Notes
Turn   | Place    | Note
-------+----------+-------------------------------------------
     0 | D:1      | kaeus the Demonspawn Fighter began the quest for the Orb.
     0 | D:1      | Reached XP level 1. HP: 18/18 MP: 1/1
   126 | D:1      | Gained mutation: You sometimes gain a little power by
                  | taking damage. [demonic ancestry]
   126 | D:1      | Reached XP level 2. HP: 24/24 MP: 2/2
   329 | D:1      | Gained mutation: You have a pair of small antennae on your
                  | head. [demonic ancestry]
   329 | D:1      | Reached XP level 3. HP: 29/29 MP: 3/3
   851 | D:2      | Noticed Robin
   867 | D:2      | Killed Robin
   868 | D:2      | Reached XP level 4. HP: 26/35 MP: 4/4
  1253 | D:2      | Noticed Natasha
  1266 | D:2      | Slain by Natasha

Illustrated notes

Levels and vault maps discovered:
D:1:      giann_horns, layout_basic, serial_glass, glass_columns_a,
          glass_columns_a
D:2:      layout_basic, uniq_robin, uniq_natasha

Skill      XL: |  1  2 |
---------------+-------+-----
Axes           | 2 |  2.5
Armour         | 3 |  3.3
Shields        | 3 |  3.3
Fighting       | |  3.6

Action                   |  1- 3 |  4- 6 || total
-------------------------+-------+-------++-------
Melee: War axe           |    91 |    51 ||   142
  Use: Potion            |       |     1 ||     1
Armor: Scale mail        |     5 |       ||     5
       Chain mail        |    64 |    35 ||    99
Dodge: Dodged            |    17 |    13 ||    30
Block: Kite shield       |    52 |    28 ||    80
